 Dungeon Crawl Stone Soup version 0.30-a0-457-g4b7bca3bfa (webtiles) character file.

Game seed: 6453203129820539178

2713 Lobster4 the Caller (level 9, -23/58 HPs)
             Began as a Human Summoner on Dec 12, 2022.
             Was a Believer of Hepliaklqana.
             Killed by an exploding themself (30 damage)
             ... ignited by their inner flame
             ... on level 8 of the Dungeon on Dec 13, 2022.
             The game lasted 00:27:09 (8436 turns).

Lobster4 the Caller (Human Summoner)                Turns: 8436, Time: 00:27:10

Health: -23/58     AC: 11    Str: 12    XL:     9   Next: 98%
Magic:  5/15       EV: 12    Int: 24    God:    Hepliaklqana [**....]
Gold:   463        SH:  0    Dex: 13    Spells: 6/16 levels left

rFire   . . .      SeeInvis .    b - +5 sling of Massacring {drain, rN+ Int+4}
rCold   . . .      Faith    .    (no shield)
rNeg    + + .      Spirit   .    g - +0 leather armour
rPois   .          Reflect  .    t - +0 helmet
rElec   .          Harm     .    w - +0 cloak
rCorr   .          Rampage  .    B - +2 pair of gloves {Str+3}
Will    .....                    k - +1 pair of boots
Stlth   ++........               l - amulet of regeneration
HPRegen 1.09/turn                u - ring of positive energy
MPRegen 0.14/turn                f - ring of flight

@: flying, mesmerised
A: reduced essence
a: Renounce Religion, Recall Ancestor, Ancestor Identity


You were on level 8 of the Dungeon.
You worshipped Hepliaklqana.
Hepliaklqana was pleased with you.
You visited 2 branches of the dungeon, and saw 9 of its levels.

You collected 463 gold pieces.

Inventory:

Hand Weapons
 a - the +4 dagger "Morg" {pain, Will+ Int+5}
   (You found it on level 3 of the Dungeon)

   In the hands of one skilled in necromantic magic, it inflicts extra damage on
   living creatures.
   Int:       It affects your intelligence (+5).
   Will:      It increases your willpower.
 b - the +5 sling of Massacring (weapon) {drain, rN+ Int+4}
   (You found it on level 2 of the Dungeon)

   A truly terrible weapon, it drains the life of any living foe it strikes.
   Int:       It affects your intelligence (+4).
   rN:        It protects you from negative energy.
 h - the +6 short sword "Fufea" {vorpal, rElec Will+ Int+3}
   (You found it on level 6 of the Dungeon)

   It inflicts extra damage upon your enemies.
   Int:       It affects your intelligence (+3).
   rElec:     It insulates you from electricity.
   Will:      It increases your willpower.
 v - a +1 falchion
Missiles
 q - 7 poisoned darts
Armour
 g - a +0 leather armour (worn)
 k - a +1 pair of boots (worn)
 t - a +0 helmet (worn)
 w - a +0 cloak (worn)
 B - a +2 pair of gloves of strength (worn)
 E - a +0 buckler
Jewellery
 f - a ring of flight (right hand)
 l - an amulet of regeneration (around neck)
 u - a ring of positive energy (left hand)
Wands
 F - a wand of paralysis (3)
Scrolls
 c - a scroll of enchant armour
 d - a scroll of silence
 m - a scroll of noise {unknown}
 o - 2 scrolls of teleportation
 r - 4 scrolls of poison
 x - a scroll of magic mapping {unknown}
 y - a scroll of immolation
 A - 2 scrolls of amnesia {unknown}
 D - 2 scrolls of identify
Potions
 e - a potion of curing
 i - 2 potions of haste
 j - a potion of ambrosia
 n - 3 potions of magic
 p - 3 potions of degeneration {unknown}
 s - 2 potions of flight
 C - a potion of berserk rage {unknown}
Miscellaneous
 z - a box of beasts (inert)


   Skills:
 + Level 4.2 Fighting
 + Level 4.0(4.1) Short Blades
 - Level 0.7(2.6) Long Blades
 + Level 4.1 Ranged Weapons
 + Level 4.2 Armour
 - Level 3.0 Dodging
 - Level 3.0 Stealth
 + Level 0.4 Shields
 + Level 4.4 Spellcasting
 + Level 0.2 Hexes
 * Level 7.6 Summonings
 - Level 3.0 Necromancy
 + Level 1.6 Evocations


You had 6 spell levels left.
You knew the following spells:

 Your Spells              Type           Power      Damage    Failure   Level
a - Summon Small Mammal   Summ           100%       N/A       1%          1
b - Call Imp              Summ           42%        N/A       1%          2
c - Call Canine Familiar  Summ           42%        N/A       1%          3
d - Summon Guardian Gole  Hex/Summ       24%        N/A       7%          3
e - Necrotise             Necr           76%        1d7       3%          1

Your spell library contained the following spells:

 Spells                   Type           Power      Damage    Failure   Level
 Sublimation of Blood     Necr           19%        N/A       5%          2
 Vampiric Draining        Necr           19%        2d7       11%         3
 Apportation              Tloc           10%        N/A       12%         1
 Sandblast                Erth           10%        2d5       12%         1
 Passwall                 Tmut/Erth      4%         N/A       19%         2
 Wereblood                Tmut           5%         N/A       19%         2
 Summon Lightning Spire   Summ/Air       23%        N/A       24%         4
 Stone Arrow              Conj/Erth      10%        3d7       34%         3
 Agony                    Necr           19%        N/A       67%         5
 Summon Hydra             Summ           21%        N/A       99%         7
 Orb of Destruction       Conj           2%         9d5       100%        7
 Spellforged Servitor     Conj/Summ      11%        N/A       100%        7


Dungeon Overview and Level Annotations

Branches:
Dungeon (8/15)             Temple (1/1) D:4
   Lair: D:8-11

Altars:
Ashenzari
Cheibriados
Elyvilon
Fedhas
Hepliaklqana
Kikubaaqudgha
Makhleb
Nemelex Xobeh
Okawaru
Qazlal
Ru
Sif Muna
Trog
Uskayaw
Vehumet
Wu Jian
Xom
Yredelemnul
Zin
The Shining One

Annotations:
D:3 1 runed translucent door, Crazy Yiuf
D:4 Pikel
D:5 Edmund
D:8 Maggie, Maurice


Message History

Maggie draws you further into her thrall.
Your larval shockox beast hits Maggie!
Your larval shockox beast barely misses Maggie.
Your wolf bites Maggie!
Your quokka completely misses Maggie.
The centaur shoots an arrow.
The arrow hits you.
Your wolf closely misses Maggie.
Maggie points at you and mumbles some strange words.
The bolt of fire hits your guardian golem.
Your guardian golem resists.
The bolt of fire hits you!!
* * * LOW HITPOINT WARNING * * *
The centaur shoots an arrow.
The arrow hits you.
* * * LOW HITPOINT WARNING * * *
Your quokka bites Maggie but does no damage.
Your guardian golem overheats!
Your larval shockox beast hits Maggie.
Your larval shockox beast barely misses Maggie.
You feel better.
Your wolf completely misses Maggie.
The centaur shoots an arrow.
The arrow hits you.
* * * LOW HITPOINT WARNING * * *
A splash of acid appears from out of your range of vision.
The splash of acid hits your wolf!! The acid corrodes your wolf!
Your wolf dies!
Your wolf's corpse disappears in a puff of smoke!
Flame seeps out of your guardian golem.
Maggie hits your larval shockox beast with a +0 broad axe!
Your larval shockox beast dies!
Your larval shockox beast's corpse disappears in a puff of smoke!
Maggie hits your guardian golem with a +0 broad axe!
Your guardian golem disappears in a puff of smoke!
Maggie hits your quokka with a +0 broad axe.
Your guardian golem explodes!
The fiery explosion engulfs your quokka!!
Your quokka dies!
Your quokka's corpse disappears in a puff of smoke!
The fiery explosion engulfs Maggie!!
Maggie shouts!
The fiery explosion engulfs you!!
Ouch! That really hurt!
You die...

..#... ..$..#
#...#...@#....#
#.#...#.....#.
###.......#.#.....
.....#.#..c....#.#
.[......R#..$#.... #.
#.#....#.[..#....
#..§§#§..#.....#
#..#@○@....#.#...
##.§.§##..........
...##.........<#.....
.........####.)....#
.....##....))..>...##
...........##.......#
#..........#......###
.............######
..#...........


You could see the friendly Xiloxoch the knight (sheltered), Maggie (mesmerising,
ally target) and a centaur.

Vanquished Creatures
  A water moccasin (D:6)
  An ogre (D:6)
  A centaur (D:7)
  2 kobold brigands
  A scorpion (D:5)
  2 wights (D:7)
  3 killer bees (D:6)
  A jelly (D:7)
  4 iguanas
  3 orc wizards
  2 adders
  6 gnolls (D:5)
  A dart slug (D:3)
  9 orcs
  3 endoplasms
  2 giant cockroaches
  3 hobgoblins
  2 jackals (D:1)
  11 kobolds
  A ball python (D:2)
  3 bats
  A frilled lizard (D:3)
  3 rats
66 creatures vanquished.

Vanquished Creatures (collateral kills)
  2 water moccasins
  An ice beast (D:7)
  A sky beast (D:7)
  3 black bears
  2 ogres (D:6)
  A lemure (D:3)
  A centaur (D:6)
  A kobold brigand (D:7)
  3 scorpions
  2 wights (D:7)
  A killer bee (D:6)
  2 howler monkeys (D:7)
  A gnoll bouda (D:6)
  An iguana (D:5)
  3 orc wizards
  8 gnolls
  3 adders
  A white imp (D:6)
  8 orcs
  4 ball pythons
  2 endoplasms (D:2)
  2 giant cockroaches
  10 kobolds
  2 quokkas
  A bat (D:2)
  3 frilled lizards
69 creatures vanquished.

Vanquished Creatures (others)
  3 ancestors
3 creatures vanquished.

Grand Total: 138 creatures vanquished

Notes
Turn   | Place    | Note
-------+----------+-------------------------------------------
     0 | D:1      | Lobster4 the Human Summoner began the quest for the Orb.
     0 | D:1      | Reached XP level 1. HP: 13/13 MP: 3/3
   254 | D:1      | Reached XP level 2. HP: 19/19 MP: 1/5
   257 | D:1      | Learned a level 2 spell: Call Imp
   885 | D:2      | Reached XP level 3. HP: 24/25 MP: 3/6
  1491 | D:2      | Reached XP level 4. HP: 31/31 MP: 5/7
  1571 | D:2      | Identified the +5 sling of Massacring {drain, rN+ Int+4}
  2125 | D:3      | Found a snail-covered altar of Cheibriados.
  2188 | D:3      | Found a runed translucent door.
  2189 | D:3      | Noticed Crazy Yiuf
  2529 | D:3      | Found the +4 dagger "Morg" {pain, Will+ Int+5}
  2550 | D:3      | Learned a level 1 spell: Necrotise
  3009 | D:4      | Noticed Pikel
  3009 | D:4      | Noticed a lemure
  3012 | D:4      | Reached skill level 1 in Fighting
  3012 | D:4      | Reached skill level 1 in Armour
  3034 | D:4      | Noticed a lemure
  3038 | D:4      | Noticed a lemure
  3342 | D:3      | Killed a lemure
  3518 | D:4      | Noticed a scorpion
  3526 | D:4      | Killed a scorpion
  3527 | D:4      | Reached XP level 5. HP: 35/37 MP: 4/8
  3584 | D:4      | You fall into a shaft and drop 1 floor!
  3584 | D:5      | Entered Level 5 of the Dungeon
  3610 | D:5      | Reached XP level 6. HP: 36/43 MP: 1/9
  3966 | D:5      | Found a shimmering altar of Xom.
  4092 | D:5      | Found an ornate altar of the Wu Jian Council.
  4120 | D:5      | Reached skill level 1 in Short Blades
  4120 | D:5      | Reached skill level 1 in Ranged Weapons
  4120 | D:5      | Reached skill level 1 in Necromancy
  4407 | D:5      | Reached skill level 5 in Summonings
  4736 | D:4      | Found a staircase to the Ecumenical Temple.
  4745 | Temple   | Entered the Ecumenical Temple
  4745 | Temple   | Found a transporter.
  4745 | Temple   | Found a transporter.
  4747 | Temple   | Found a transporter.
  4747 | Temple   | Found a transporter.
  4778 | Temple   | Became a worshipper of Hepliaklqana the Forgotten
  4855 | D:5      | Noticed a black bear
  4895 | D:5      | Killed a black bear
  4896 | D:5      | Reached XP level 7. HP: 49/49 MP: 11/11
  5054 | D:5      | Noticed Edmund
  5180 | D:5      | Noticed a water moccasin
  5477 | D:5      | Killed a water moccasin
  5682 | D:5      | Reached XP level 8. HP: 57/57 MP: 9/12
  6445 | D:6      | Reached * piety under Hepliaklqana
  6644 | D:6      | Reached skill level 6 in Summonings
  6993 | D:6      | Reached XP level 9. HP: 57/57 MP: 11/14
  7189 | D:6      | Identified the +6 short sword "Fufea" {vorpal, rElec Will+
                  | Int+3}
  7357 | D:6      | Reached skill level 7 in Summonings
  7967 | D:7      | Reached skill level 1 in Evocations
  7991 | D:7      | Found a glowing silver altar of Zin.
  8025 | D:7      | Reached ** piety under Hepliaklqana
  8026 | D:7      | Remembered your ancestor Xiloxoch as a knight
  8079 | D:7      | Found a white marble altar of Elyvilon.
  8281 | D:7      | Learned a level 3 spell: Call Canine Familiar
  8285 | D:7      | Learned a level 3 spell: Summon Guardian Golem
  8421 | D:8      | Noticed Maurice
  8423 | D:8      | Noticed Maggie
  8436 | D:8      | Killed by an exploding themself... ignited by their inner
                  | flame

Illustrated notes

Levels and vault maps discovered:
D:1:      dpeg_arrival_ternary, layout_basic
D:2:      layout_loops_corners, skrybe_limestone_x
D:3:      layout_basic, kennysheep_slug_shrine, uniq_crazy_yiuf_cottage
D:4:      layout_cave_pools, minmay_temple_entry_statues_pillars, uniq_pikel
D:5:      minmay_clustersquares, layout_basic,
          nicolae_wu_jian_immortal_techniques, tgw_xom, uniq_edmund
D:6:      layout_gridville
D:7:      layout_gridville, elyvilon_altar_3, zin_academy
D:8:      wad_crossroads, layout_cave_pools, lemuel_round_altar,
          nicolae_kite_square_tiling_tiny, kennysheep_another_room, uniq_maggie,
          uniq_maurice
Temple:   hellmonk_temple_divided_pantheon

Skill      XL: |  1  2  3  4  5  6  7  8  9 |
---------------+----------------------------+-----
Fighting       | 1 2 3 4 |  4.2
Armour         | 1 2 3 4 |  4.2
Short Blades   | 1 2 3 4 |  4.0
Ranged Weapons | 1 2 3 4 |  4.1
Necromancy     | 1 2 3 |  3.0
Summonings     | 5 6 7 |  7.6
Stealth        | 3 |  3.0
Dodging        | 3 |  3.0
Spellcasting   | 3 4 |  4.4
Evocations     | 1 |  1.6
Long Blades    | |  0.7
Shields        | |  0.4
Hexes          | |  0.2

Action                   |  1- 3 |  4- 6 |  7- 9 || total
-------------------------+-------+-------+-------++-------
Melee: Whip              |    15 |       |       ||    15
       Falchion          |    35 |     7 |       ||    42
 Fire: Sling             |       |    53 |   154 ||   207
 Cast: Summon Small Mamm |    32 |    34 |    66 ||   132
       Call Imp          |       |    18 |    29 ||    47
       Necrotise         |       |       |    12 ||    12
       Summon Guardian G |       |       |     2 ||     2
       Call Canine Famil |       |       |     1 ||     1
Invok: Recall Ancestor   |       |       |     1 ||     1
       Ancestor Life: Kn |       |       |     1 ||     1
Evoke: Box of beasts     |       |       |     1 ||     1
  Use: Scroll            |       |    11 |     4 ||    15
       Potion            |       |       |     3 ||     3
 Stab: Sleeping          |     1 |       |       ||     1
Armor: Robe              |    16 |     7 |    16 ||    39
       Leather armour    |       |       |     9 ||     9
Dodge: Dodged            |    49 |    23 |    72 ||   144

Table legend: (Time is in decaauts)
 A = Elapsed time spent in this place.
 B = Non-inter-level travel time spent in this place.
 C = Inter-level travel time spent in this place.
 D = Time resting spent in this place.
 E = Time spent auto-exploring this place.
 F = Levels seen in this place.
 G = Mean time per level.
                   A        B        C        D        E       F      G
               +--------+--------+--------+--------+--------+-----+--------+
         Total |   8522 |   7988 |    534 |    842 |   5234 |   9 |  946.9 |
       Dungeon |   8458 |   7924 |    534 |    842 |   5234 |   8 | 1057.2 |
        Temple |     63 |     63 |      0 |      0 |      0 |   1 |   63.0 |
               +--------+--------+--------+--------+--------+-----+--------+

Top non-repeatable levels by time:
     D:5: 2298 daAuts
     D:6: 1393 daAuts
     D:3: 1223 daAuts
     D:2: 1185 daAuts
     D:1: 889 daAuts
     D:7: 856 daAuts
     D:4: 563 daAuts
  Temple: 63 daAuts
     D:8: 48 daAuts
